 Dungeon Crawl Stone Soup version 0.21.0 (webtiles) character file.

16 tidbits the Sneak (level 2, 3/11 HPs)
             Began as a Felid Air Elementalist on Jan 7, 2018.
             Quit the game on level 3 of the Dungeon.
             The game lasted 00:01:41 (210 turns).

tidbits the Sneak (Felid Air Elementalist)           Turns: 210, Time: 00:01:42

Health: 3/11       AC:  1    Str:  4    XL:     2   Next: 41%
Magic:  4/6        EV: 18    Int: 16    God:
Gold:   34         SH:  0    Dex: 16    Spells: 2/5 levels left
                                        Lives:  0   Deaths: 0

rFire    . . .     SeeInvis +     - Unarmed
rCold    . . .     Gourm    .   (shield unavailable)
rNeg     . . .     Faith    .   (armour unavailable)
rPois    .         Spirit   .   (helmet unavailable)
rElec    .         Reflect  .   (cloak unavailable)
rCorr    .         Harm     .   (gloves unavailable)
MR       .....                  (boots unavailable)
Stlth    +++.......             (no amulet)
HPRegen  0.03/turn              (no ring)
MPRegen  0.10/turn              (no ring)

@: lethally poisoned (3 -> -2), quick
A: very small, no armour, no weapons or thrown items, stealth, claws 1, fangs 3,
see invisible, carnivore, speed 1, shaggy fur 1, slow metabolism 1, sharp paws
a: no special abilities


You were on level 3 of the Dungeon.
You were full.

You visited 1 branch of the dungeon, and saw 3 of its levels.

You collected 34 gold pieces.

Inventory:

Scrolls
 c - a scroll of amnesia {unknown}
 e - a scroll of identify {unknown}
Potions
 d - a potion of heal wounds {unknown}
Books
 a - a book of Air

   Spells                             Type                      Level
   a - Shock                          Conjuration/Air              1
   b - Swiftness                      Charms/Air                   2
   c - Static Discharge               Conjuration/Air              3
   d - Airstrike                      Air                          4
   e - Lightning Bolt                 Conjuration/Air              5
Comestibles
 b - a ration


   Skills:
 - Level 2.6 Dodging
 + Level 3.6 Stealth
 + Level 1.3 Unarmed Combat
 - Level 2.0 Spellcasting
 - Level 0.8 Conjurations
 - Level 2.6 Air Magic


You had 2 spell levels left.
You knew the following spells:

 Your Spells              Type           Power        Failure   Level  Hunger
a - Shock                 Conj/Air       #...         10%         1    #......
W - Swiftness             Chrm/Air       #.......     19%         2    ###....


Dungeon Overview and Level Annotations

Branches:
Dungeon (3/15)

Altars:


Innate Abilities, Weirdness & Mutations

You cannot wear armour.
You are incapable of wielding weapons or throwing items.
Your paws allow you to move quietly. (Stealth)
You have sharp claws.
You have razor-sharp teeth.
You have supernaturally acute eyesight. (SInv)
You are carnivorous and can eat meat at any time.
You cover ground quickly.
You are covered in fur. (AC +1)
You have a slow metabolism.
Your sharp claws are effective at attacking unaware monsters.


Message History

You scratch the goblin.
The goblin is severely wounded.
The goblin misses you.
You barely miss the goblin.
The goblin is severely wounded.
The goblin misses you.
You scratch the goblin but do no damage.
You bite the goblin, but do no damage.
The goblin is severely wounded.
The goblin closely misses you.
You completely miss the goblin.
The goblin is severely wounded.
The goblin closely misses you.
You scratch the goblin.
You kill the goblin!
d - a fuming white potion You now have 24 gold pieces (gained 6).
Found a stone staircase leading down.
Found 7 javelins.
Found 10 gold pieces.
You now have 34 gold pieces (gained 10).
A bat and a goblin come into view.
Found 12 gold pieces.
A bat and a dart slug come into view.
An adder comes into view.
The adder hisses angrily.
Your magical contamination has completely faded away.
Unknown command.
You see here 7 javelins.
The bat misses you. The bat closely misses you. x2
The bat misses you. The bat hits you but does no damage.
The bat closely misses you.
There is a stone staircase leading down here.
The bat misses you. The bat barely misses you.
You climb downwards.
An orc comes into view. It is wielding a flail.
Found 20 stones and a scroll labeled QOIPES ZABB.
There is a stone staircase leading up here.
The bat misses you. The bat misses you.
A hobgoblin comes into view. It is wielding a club.
The bat misses you.
Casting: Shock
Confirm with . or Enter, or press ? or * to list all spells.
Aiming: Shock
Press: ? - help, Shift-Dir - straight line, f - bat
Aim: a bat
Okay, then.
You scratch the bat.
The bat is severely wounded.
The bat misses you. The bat hits you but does no damage.
You scratch the bat.
You kill the bat!
You see here a bat corpse.
You see here 20 stones.
e - a scroll labeled QOIPES ZABB A leopard gecko comes into view.
An adder comes into view.
Found 13 stones.
Found an escape hatch in the ceiling.
The adder bites you.
An orc comes into view.
Found 2 sedimented amethyst potions.
The orc shouts!
An orc warrior comes into view. It is wielding a war axe.
The adder completely misses you.
Found a stone staircase leading up.
An orc comes into view. It is wielding a short sword.
The orc warrior shouts!
The orc shouts!
You hear an angry hiss.
The adder closely misses you.
Found a stone staircase leading down.
A ball python comes into view.
The ball python moves out of view.
The ball python hisses angrily.
The ball python misses you. x2
Found a stone staircase leading down.
Casting: Shock
Confirm with . or Enter, or press ? or * to list all spells.
Aiming: Shock
Press: ? - help, Shift-Dir - straight line The zap misses the adder. x2; The adder bites you.
The ball python closely misses you. x2; The adder bites you.
* * * LOW HITPOINT WARNING * * *
You are lethally poisoned!
The adder poisons you!
Unknown command.
Casting: Shock
Confirm with . or Enter, or press ? or * to list all spells.
Aiming: Shock
Press: ? - help, Shift-Dir - straight line The zap hits the ball python.
The ball python is severely wounded.
The zap hits the ball python.
You kill the ball python!
* * * LOW HITPOINT WARNING * * *
You feel sick. The adder misses you.
Unknown command.
Okay, then.
Are you sure you want to abandon this character and quit the game? (Confirm with "yes".)

.....# .# .l...#
.# ..# .....##.#
#.# ...l....# #.#
........## #.#
...<.....# #.#
.........# ####.#
.........# ##.##>#
..##....####.#.#@#
..##<.o.....###S.#
o....o....##.#.#.#
..#####.#.# #.##.#
#.# #.#># #.##.#
#o. ..#.# # .#.#
#. ####.# #... #.#
#.. ..# #.


You could see an adder.

Vanquished Creatures
  An adder (D:2)
  A goblin (D:2)
  A hobgoblin (D:2)
  2 jackals (D:2)
  2 ball pythons
  A bat (D:3)
8 creatures vanquished.

Notes
Turn   | Place    | Note
-------+----------+-------------------------------------------
     0 | D:1      | tidbits the Felid Air Elementalist began the quest for the Orb.
     0 | D:1      | Reached XP level 1. HP: 7/7 MP: 4/4
    20 | D:1      | Noticed a minotaur skeleton
    62 | D:2      | Reached skill level 3 in Stealth
    62 | D:2      | Reached skill level 1 in Unarmed Combat
    62 | D:2      | Reached XP level 2. HP: 9/11 MP: 4/6
    66 | D:2      | Learned a level 2 spell: Swiftness
   194 | D:3      | Noticed an orc warrior
   210 | D:3      | Quit the game

Skill      XL: |  1 |
---------------+----+-----
Stealth        | 3 |  3.6
Unarmed Combat | 1 |  1.3
Dodging        | |  2.6
Spellcasting   | |  2.0
Conjurations   | |  0.8
Air Magic      | |  2.6

Action                   || total
-------------------------++-------
Melee: Unarmed           ||    12
       Bite              ||     1
 Cast: Shock             ||     9
 Stab: Sleeping          ||     1
  Eat: Chunk             ||     2
Armor: Skin              ||     3
Dodge: Dodged            ||    35

Table legend:
 A = Turns spent in this place as a percentage of turns spent in the entire game.
 B = Non-inter-level travel turns spent in this place as a percentage of non-inter-level travel turns spent in the entire game.
 C = Inter-level travel turns spent in this place as a percentage of turns spent in this place.
 D = Turns resting spent in this place as a percentage of non-inter-level travel turns spent in this place.
 E = Turns spent auto-exploring this place as a percentage of non-inter-level travel turns spent in this place.
 F = Non-inter-level travel turns spent in this place divided by the number of levels of this place that you've seen.
                   A       B       C       D       E      F
               +-------+-------+-------+-------+-------+----------------------
         Total | 100.0 | 100.0 |   0.0 |   0.0 |   0.0 |  70.0
       Dungeon | 100.0 | 100.0 |   0.0 |   0.0 |   0.0 |  70.0
               +-------+-------+-------+-------+-------+----------------------

Table legend:
 A = Kills in this place as a percentage of kills in entire the game.
 B = Kills by you in this place as a percentage of kills by you in the entire game.
 C = Kills by friends in this place as a percentage of kills by friends in the entire game.
 D = Other kills in this place as a percentage of other kills in the entire game.
 E = Experience gained in this place as a percentage of experience gained in the entire game.
 F = Experience gained in this place divided by the number of levels of this place that you have seen.
                   A       B       C       D       E      F
               +-------+-------+-------+-------+-------+----------------------
         Total | 100.0 | 100.0 |   N/A |   N/A | 100.0 |   8.0
       Dungeon | 100.0 | 100.0 |   N/A |   N/A | 100.0 |   8.0
               +-------+-------+-------+-------+-------+----------------------

Vault maps used:
D:1:      shiori_arrival_whats_in_store_for_you, columned_hall_lemuel
D:2:      first_ration
D:3:      nemelex_xobeh_ov_fountains_minmay
